 Dungeon Crawl Stone Soup version 0.29-a0-1047-g7c58e119a4 (webtiles) character file.

Game seed: 13258347764910847038

259 greasedhog the Trooper (level 6, 0/40 HPs)
             Began as a Gargoyle Abyssal Knight on Aug 17, 2022.
             Was a Priest of Lugonu.
             Killed by divine providence
             ... invoked by an orc priest
              (9 damage)
             ... on level 5 of the Dungeon.
             The game lasted 00:03:55 (3821 turns).

greasedhog the Trooper (Gargoyle Abyssal Knight)    Turns: 3821, Time: 00:03:56

Health: 0/40       AC: 21    Str: 19    XL:     6   Next: 17%
Magic:  8/8        EV:  9    Int: 10    God:    Lugonu [***...]
Gold:   127        SH:  0    Dex: 10    Spells: 5/5 levels left

rFire   . . .      SeeInvis .   a - +1 mace (protect)
rCold   . . .      Faith    .   (no shield)
rNeg    + . .      Spirit   .   c - +0 scale mail
rPois   ∞          Reflect  .   b - +0 helmet
rElec   +          Harm     .   (no cloak)
rCorr   .          Rampage  .   u - +0 pair of gloves
Will    +....                   t - +0 pair of boots
Stlth   ..........              (no amulet)
HPRegen 0.13/turn               h - ring of willpower
MPRegen 0.11/turn               (no ring)

@: under a protective aura, hasted, very quick
A: sickness immunity, AC +4, negative energy resistance 1, electricity
resistance, torment resistance 1, petrification resistance
a: Renounce Religion, Depart the Abyss, Bend Space, Banish


You were on level 5 of the Dungeon.
You worshipped Lugonu.
Lugonu was most pleased with you.
You visited 2 branches of the dungeon, and saw 6 of its levels.
You visited the Abyss 1 time.

You collected 215 gold pieces.
You spent 88 gold pieces at shops.

Inventory:

Hand Weapons
 a - a +1 mace of protection (weapon)
 d - a +0 whip
Armour
 b - a +0 helmet (worn)
 c - a +0 scale mail (worn)
 t - a +0 pair of boots (worn)
 u - a +0 pair of gloves (worn)
Jewellery
 h - a ring of willpower (left hand)
Wands
 y - a wand of light (7)
Scrolls
 g - a scroll of poison
 j - a scroll of teleportation
 k - a scroll of enchant armour
 l - a scroll of immolation
 n - a scroll of torment
 o - a scroll of identify
 p - a scroll of enchant weapon {unknown}
 v - 3 scrolls of amnesia {unknown}
Potions
 e - a potion of flight {unknown}
 i - a potion of curing {unknown}
 m - a potion of lignification {unknown}
 q - a potion of resistance
 r - a potion of attraction {unknown}
 s - a potion of might {unknown}
 w - a potion of mutation {unknown}
 x - a potion of heal wounds {unknown}
 z - a potion of brilliance {unknown}


   Skills:
 - Level 5.1 Fighting
 * Level 4.6 Maces & Flails
 - Level 2.1 Armour
 - Level 0.7 Dodging
 * Level 3.0 Invocations


You had 5 spell levels left.
You didn't know any spells.
Your spell library contained the following spells:

 Spells                   Type           Power      Damage    Failure   Level
 Ensorcelled Hibernation  Hex/Ice        0%         N/A       86%         2
 Passwall                 Tmut/Erth      0%         N/A       86%         2
 Summon Guardian Golem    Hex/Summ       0%         N/A       98%         3
 Swiftness                Air            0%         N/A       98%         3
 Orb of Destruction       Conj           0%         9d5       100%        7
 Spellforged Servitor     Conj/Summ      0%         N/A       100%        7


Dungeon Overview and Level Annotations

Branches:
Dungeon (5/15)             Temple (1/1) D:4

Altars:
Ashenzari
Kikubaaqudgha
Uskayaw
Zin

Shops:
D:3 ?


Innate Abilities, Weirdness & Mutations

You are immune to sickness and miasma.
Your stone body is resilient. (AC +4)
You are immune to poison.
You resist negative energy. (rN+)
You are resistant to electric shocks. (rElec)
You are resistant to unholy torment.
You are immune to petrification.


Message History

You barely miss the orc. The orc hits you but does no damage.
You barely miss the orc. The orc closely misses you.
The orc hits you but does no damage.
You barely miss the orc. You punch the orc.
The orc is heavily wounded.
The orc hits you but does no damage.
You hit the orc.
You kill the orc!
Lugonu accepts your kill.
The orc priest mumbles some strange prayers to Beogh against you.
Beogh smites you!
* * * LOW HITPOINT WARNING * * *
Press: ? - help, Shift-Dir - straight line, f - orc priest
Aim: an orc priest, wielding a +0 flail (chance to affect: 81%)
You fail to use your ability.
You hit the orc priest.
The orc priest is lightly wounded.
The orc priest hits you but does no damage.
You barely miss the orc priest.
The orc priest is lightly wounded.
The orc priest barely misses you.
You feel yourself speed up.
The orc priest hits you with a +0 flail.
* * * LOW HITPOINT WARNING * * *
You hit the orc priest.
The orc priest is moderately wounded.
The orc priest closely misses you.
You hit the orc priest but do no damage.
The orc priest is moderately wounded.
The orc priest closely misses you.
You closely miss the orc priest.
The orc priest is moderately wounded.
You completely miss the orc priest.
The orc priest is moderately wounded.
The orc priest barely misses you.
You hit the orc priest.
The orc priest is heavily wounded.
The orc priest mumbles some strange prayers to Beogh against you.
Beogh smites you!
You die...

#........#
#.....<..#
#........#
#........#
###........#
#..........###
#####.#....o.....#
.........o.....#o#
............8###@#
####'''####### #.#
............# #.#
...#####....# #..
###.....###.# ###
#8#..8..#8#.#
.(..........#
..)[_[ ...8#


You could see an orc priest.

Vanquished Creatures
  A phantom (D:4)
  Natasha (thrice) (D:3)
  3 adders
  A worm (D:3)
  The ghost of jfcaron the Sneak, a weakling MeDe (D:5)
  2 dart slugs
  4 orcs (D:5)
  2 endoplasms
  3 giant cockroaches
  7 goblins
  11 hobgoblins
  3 kobolds
  3 quokkas
  9 ball pythons
  12 bats
  5 frilled lizards
  4 rats
74 creatures vanquished.

Notes
Turn   | Place    | Note
-------+----------+-------------------------------------------
     0 | Abyss:1  | greasedhog the Gargoyle Abyssal Knight began the quest for
                  | the Orb.
     0 | Abyss:1  | Reached XP level 1. HP: 14/14 MP: 2/2
     1 | D:1      | Escaped the Abyss
   348 | D:1      | Reached XP level 2. HP: 19/19 MP: 3/3
   831 | D:1      | Reached XP level 3. HP: 24/24 MP: 4/4
   941 | D:1      | Reached skill level 4 in Fighting
  1155 | D:2      | Reached *** piety under Lugonu
  1581 | D:2      | Reached XP level 4. HP: 25/30 MP: 5/5
  1805 | D:3      | Found an ancient bone altar of Kikubaaqudgha.
  1938 | D:3      | Noticed a +0 hand axe
  1939 | D:3      | Noticed a +0 dagger
  1944 | D:3      | Found a hide-covered altar of Uskayaw.
  2012 | D:3      | Found Xoosioc's Magic Scroll Emporium.
  2016 | D:3      | Bought a scroll of identify for 22 gold pieces
  2016 | D:3      | Bought a scroll of identify for 22 gold pieces
  2016 | D:3      | Bought a scroll of identify for 22 gold pieces
  2016 | D:3      | Bought a scroll of identify for 22 gold pieces
  2147 | D:3      | Noticed Natasha
  2154 | D:3      | Killed Natasha
  2342 | D:3      | Found a faded altar of an unknown god.
  2346 | D:3      | Found a glowing silver altar of Zin.
  2361 | D:3      | Noticed Natasha
  2368 | D:3      | Killed Natasha
  2369 | D:3      | Reached skill level 5 in Fighting
  2369 | D:3      | Reached XP level 5. HP: 35/35 MP: 6/6
  2491 | D:3      | Noticed Natasha
  2506 | D:3      | Killed Natasha
  2814 | D:4      | Noticed a phantom
  2830 | D:4      | Killed a phantom
  2831 | D:4      | Reached XP level 6. HP: 17/40 MP: 6/8
  3038 | D:4      | Found a broken altar of Ashenzari.
  3466 | D:4      | Found a staircase to the Ecumenical Temple.
  3721 | Temple   | Entered the Ecumenical Temple
  3750 | D:5      | Entered Level 5 of the Dungeon
  3751 | D:5      | Found a runed translucent gate.
  3751 | D:5      | Found a runed translucent gate.
  3751 | D:5      | Found a runed translucent gate.
  3754 | D:5      | Noticed jfcaron's ghost (weakling MeDe)
  3755 | D:5      | Identified the +1 leather armour of Prudence {Contam +Blink
                  | rC+++ Dex+4}
  3797 | D:5      | Killed jfcaron's ghost
  3821 | D:5      | Killed from afar by an orc priest

Illustrated notes

Levels and vault maps discovered:
D:1:      sevenhm_arrival_forest_fort_small_3, layout_basic
D:2:      layout_rooms
D:3:      layout_loops_ring, nicolae_overflow_ecumenical_swirl,
          dancing_weapons_uskayaw, nicolae_kikubaaqudgha_miasma_corner,
          serial_shops, shop, uniq_natasha
D:4:      layout_loops_ring, ashenzari_conservatory_becter, temple_hall,
          hangedman_decor_diamond_cutter
D:5:      layout_rooms, serial_shops, nicolae_lakefront_shop,
          biasface_ghost_orc_armoury, chequers_mini_garden
Temple:   nicolae_temple_superstar

Skill      XL: |  1  2  3  4  5  6 |
---------------+-------------------+-----
Fighting       | 4 5 |  5.1
Maces & Flails | 3 4 |  4.6
Invocations    | 3 |  3.0
Armour         | |  2.1
Dodging        | |  0.7

Action                   |  1- 3 |  4- 6 || total
-------------------------+-------+-------++-------
Melee: Mace              |   140 |   132 ||   272
       Punch             |       |     3 ||     3
  Use: Scroll            |     2 |     5 ||     7
       Potion            |       |     1 ||     1
Armor: Scale mail        |   108 |    71 ||   179
       Leather armour    |     3 |       ||     3
Dodge: Dodged            |   100 |    83 ||   183

Table legend: (Time is in decaauts)
 A = Elapsed time spent in this place.
 B = Non-inter-level travel time spent in this place.
 C = Inter-level travel time spent in this place.
 D = Time resting spent in this place.
 E = Time spent auto-exploring this place.
 F = Levels seen in this place.
 G = Mean time per level.
                   A        B        C        D        E       F      G
               +--------+--------+--------+--------+--------+-----+--------+
         Total |   3881 |   3590 |    291 |     58 |   2840 |   7 |  554.4 |
       Dungeon |   3878 |   3587 |    291 |     58 |   2840 |   5 |  775.6 |
        Temple |      1 |      1 |      0 |      0 |      0 |   1 |    1.0 |
         Abyss |      1 |      1 |      0 |      0 |      0 |   1 |    1.0 |
               +--------+--------+--------+--------+--------+-----+--------+

Top non-repeatable levels by time:
     D:1: 1163 daAuts
     D:4: 996 daAuts
     D:3: 994 daAuts
     D:2: 651 daAuts
     D:5: 73 daAuts
  Temple: 1 daAuts
 Abyss:1: 1 daAuts
